 Dungeon Sprint DCSS version 0.23.0-28-g6fe0f4d (webtiles) character file.

Game seed: 9909789441694358565

4751 nuthulu the Protected (level 10, 0/104 HPs)
             Began as a Deep Dwarf Fighter on Feb 25, 2019.
             Was the Champion of Makhleb.
             Slain by a flayed ghost (9 damage)
             ... in the Dungeon (Sprint VII: "The Pits").
             The game lasted 00:04:53 (1510 turns).

nuthulu the Protected (Deep Dwarf Fighter)          Turns: 1510, Time: 00:04:53

Health: 0/104      AC: 20    Str: 23    XL:     10   Next: 23%
Magic:  16/16      EV:  7    Int:  9    God:    Makhleb [******]
Gold:   0          SH: 13    Dex: 12    Spells: 9/9 levels left

rFire    . . .     SeeInvis .   q - +2 war axe (chop)
rCold    . . .     Gourm    .   c - +0 shield
rNeg     . . .     Faith    .   r - +3 plate armour
rPois    .         Spirit   .   (no helmet)
rElec    .         Reflect  .   (no cloak)
rCorr    .         Harm     .   s - +0 pair of gloves
MR       +....     NoTele   +   (no boots)
Stlth    ..........             (no amulet)
HPRegen  0.00/turn              (no ring)
MPRegen  0.15/turn              (no ring)

@: non-regenerating
A: damage resistance, heal wounds, sense surroundings 2, no regeneration
a: Heal Wounds, Minor Destruction, Lesser Servant of Makhleb, Major Destruction,
Greater Servant of Makhleb, Renounce Religion


You were in the Dungeon.
You worshipped Makhleb.
Makhleb was exalted by your worship.
You were not hungry.

You visited 1 branch

Inventory:

Hand Weapons
 a - a +0 war axe
 q - a +2 war axe of chopping (weapon)
Armour
 b - a +0 scale mail
 c - a +0 shield (worn)
 d - a +3 chain mail
 r - a +3 plate armour (worn)
 s - a +0 pair of gloves (worn)
Jewellery
 h - a +3 ring of intelligence
 p - a +3 ring of intelligence
Scrolls
 k - a scroll of blinking
 m - 3 scrolls of remove curse
 n - 5 scrolls of amnesia
 o - a scroll of summoning
Potions
 e - 5 potions of curing
 g - 9 potions of heal wounds
 i - 4 potions of magic
 j - 3 potions of berserk rage
 l - 2 potions of invisibility
 t - a potion of resistance
Comestibles
 f - 7 rations


   Skills:
 + Level 11.1 Fighting
 + Level 12.7 Axes
 + Level 13.0 Armour
 + Level 12.9 Shields
 + Level 9.2 Invocations


You had 9 spell levels left.
You didn't know any spells.
Your spell library was empty.

Dungeon Overview and Level Annotations

Branches:
Dungeon (1/1)

Altars:
Ashenzari
Cheibriados
Dithmenos
Elyvilon
Fedhas
Gozag
Hepliaklqana
Kikubaaqudgha
Makhleb
Nemelex Xobeh
Okawaru
Qazlal
Ru
Sif Muna
Trog
Uskayaw
Vehumet
Wu Jian
Xom
Yredelemnul
Zin
The Shining One
Beogh
Jiyva
Lugonu


Innate Abilities, Weirdness & Mutations

You are resistant to damage.
You can heal yourself by infusing magical energy.
You passively map the area around you.
You do not regenerate.


Message History

You closely miss the flayed ghost. You block the flayed ghost's attack.
You hit the flayed ghost.
The flayed ghost is lightly damaged.
You block the flayed ghost's attack.
You miss the flayed ghost.
The flayed ghost is lightly damaged.
The flayed ghost hits you!
Press: ? - help, Shift-Dir - straight line, f - flayed ghost
Aim: a flayed ghost (lightly damaged)
You hear a mighty clap of thunder!
The bolt of lightning misses the flayed ghost.
The flayed ghost hits you!!
* * * LOW HITPOINT WARNING * * *
Unknown command.
There isn't anything here!
Unknown command.
Press: ? - help, Shift-Dir - straight line, f/p - flayed ghost
Aim: a flayed ghost The iron shot misses the flayed ghost.
The flayed ghost hits you!
You die...

..#)##.......##.........,
..'.##.......##......... ,
######...<...##..#####..,**
+ ))).##.......##..'†..#
)))[##.......##..#)..# ,
######.......##..#...# #* *
, .#..###########..#####.+,
* *,
.#.############.....)..#
.#)#....#...[##.@...)..# ,
, .#)#....#...[###W###...#
, ,, ,
.#(')...'..))##....+...# *
* .#'#....#..))##....#.....
,
.(.#....#..).##....#......
+
###########################
*


You could see a flayed ghost.

Vanquished Creatures
  A ghost moth (D)
  A deep elf mage (D)
  A lindwurm (D)
  A cyclops (D)
  A komodo dragon (D)
  A demonic crawler (D)
  An efreet (D)
  A jumping spider (D)
  A hippogriff (D)
  A hungry ghost (D)
  2 wargs (D)
  An orc warrior (D)
  Duvessa (D)
  An ice beast (D)
  Purgy (D)
  2 ogres (D)
  A necrophage (D)
  An orc priest (D)
  2 orc wizards (D)
  A worker ant (D)
  An adder (D)
  An ufetubus (D)
  An ooze (D)
  A worm (D)
  A leopard gecko (D)
  4 orcs (D)
  A bat (D)
  A bat skeleton (D)
  A giant cockroach (D)
  A hobgoblin (D)
  A frilled lizard (D)
  A quokka zombie (D)
38 creatures vanquished.

Notes
Turn   | Place    | Note
-------+----------+-------------------------------------------
     0 | D        | nuthulu the Deep Dwarf Fighter began the quest for the Orb.
     0 | D        | Reached XP level 1. HP: 20/20 MP: 1/1
    41 | D        | Found a glowing golden altar of the Shining One.
    41 | D        | Found a glowing silver altar of Zin.
    41 | D        | Found a basalt altar of Yredelemnul.
    41 | D        | Found a shimmering altar of Xom.
    41 | D        | Found an ornate altar of the Wu Jian Council.
    41 | D        | Found a bloodstained altar of Trog.
    41 | D        | Found a deep blue altar of Sif Muna.
    41 | D        | Found a sacrificial altar of Ru.
    41 | D        | Found a stormy altar of Qazlal.
    41 | D        | Found an iron altar of Okawaru.
    41 | D        | Found a sparkling altar of Nemelex Xobeh.
    41 | D        | Found a burning altar of Makhleb.
    41 | D        | Found a viscous altar of Jiyva.
    41 | D        | Found a hazy altar of Hepliaklqana.
    41 | D        | Found an opulent altar of Gozag.
    41 | D        | Found a blossoming altar of Fedhas.
    41 | D        | Found a white marble altar of Elyvilon.
    41 | D        | Found a shadowy altar of Dithmenos.
    41 | D        | Found a snail-covered altar of Cheibriados.
    42 | D        | Found a radiant altar of Vehumet.
    42 | D        | Found a corrupted altar of Lugonu.
    42 | D        | Found a roughly hewn altar of Beogh.
    43 | D        | Found a hide-covered altar of Uskayaw.
    43 | D        | Found an ancient bone altar of Kikubaaqudgha.
    43 | D        | Found a shattered altar of Ashenzari.
    49 | D        | Became a worshipper of Makhleb the Destroyer
    77 | D        | Reached * piety under Makhleb
   184 | D        | Noticed a worker ant
   184 | D        | Noticed a hungry ghost
   203 | D        | Killed a worker ant
   203 | D        | Reached skill level 4 in Armour
   203 | D        | Reached XP level 2. HP: 18/30 MP: 2/2
   203 | D        | Reached XP level 3. HP: 22/36 MP: 3/3
   228 | D        | Killed a hungry ghost
   228 | D        | Reached ** piety under Makhleb
   228 | D        | Reached skill level 5 in Fighting
   228 | D        | Reached skill level 6 in Armour
   228 | D        | Reached XP level 4. HP: 21/46 MP: 4/4
   228 | D        | Reached XP level 5. HP: 24/52 MP: 5/5
   399 | D        | Noticed Purgy
   413 | D        | Noticed a warg
   435 | D        | Killed Purgy
   435 | D        | Reached *** piety under Makhleb
   435 | D        | Reached skill level 7 in Armour
   462 | D        | Killed a warg
   462 | D        | Reached skill level 8 in Armour
   462 | D        | Reached XP level 6. HP: 33/63 MP: 6/6
   531 | D        | Reached **** piety under Makhleb
   638 | D        | Noticed a warg
   649 | D        | Killed a warg
   649 | D        | Reached skill level 9 in Armour
   649 | D        | Reached XP level 7. HP: 51/72 MP: 7/7
   653 | D        | Noticed a cyclops
   670 | D        | Killed a cyclops
   670 | D        | Reached skill level 10 in Armour
   670 | D        | Reached skill level 10 in Shields
   672 | D        | Noticed Duvessa
   681 | D        | Killed Duvessa
   681 | D        | Reached XP level 8. HP: 50/82 MP: 8/8
   690 | D        | Reached skill level 10 in Axes
   698 | D        | Reached ***** piety under Makhleb
   856 | D        | Noticed a jumping spider
   893 | D        | Killed a jumping spider
  1163 | D        | Noticed a lindwurm
  1183 | D        | Killed a lindwurm
  1183 | D        | Reached skill level 11 in Armour
  1184 | D        | Noticed a demonic crawler
  1198 | D        | Killed a demonic crawler
  1198 | D        | Gained mutation: You passively map the area around you.
                  | [Deep Dwarf growth]
  1198 | D        | Reached XP level 9. HP: 51/93 MP: 9/12
  1223 | D        | Noticed a deep elf mage
  1238 | D        | Killed a deep elf mage
  1238 | D        | Reached ****** piety under Makhleb
  1238 | D        | Reached skill level 10 in Fighting
  1250 | D        | Killed a ghost moth
  1250 | D        | Reached skill level 12 in Armour
  1255 | D        | Reached XP level 10. HP: 73/103 MP: 0/16
  1499 | D        | Noticed a flayed ghost
  1503 | D        | Reached skill level 13 in Armour
  1510 | D        | Slain by a flayed ghost

Skill      XL: |  1  2  3  4  5  6  7  8  9 10 |
---------------+-------------------------------+-----
Fighting       | 3 5 6 7 8 9 10 11 | 11.1
Axes           | 3 6 7 8 9 11 12 | 12.7
Armour         | 4 6 8 9 10 11 12 13 | 13.0
Shields        | 4 6 8 9 10 11 12 | 12.9
Invocations    | 4 8 9 |  9.2

Action                   |  1- 3 |  4- 6 |  7- 9 | 10-12 || total
-------------------------+-------+-------+-------+-------++-------
Melee: War axe           |    46 |    74 |   107 |    26 ||   253
Invok: Major Destruction |       |       |       |     2 ||     2
 Abil: Heal Wounds       |       |       |     4 |       ||     4
  Use: Potion            |     2 |     2 |     6 |       ||    10
  Eat: Ration            |     1 |       |     1 |       ||     2
       Chunk             |     1 |       |     1 |       ||     2
Armor: Scale mail        |    14 |       |       |       ||    14
       Chain mail        |       |    31 |    35 |       ||    66
       Plate armour      |       |       |    84 |     7 ||    91
Dodge: Dodged            |    11 |    25 |    25 |     1 ||    62
Block: Shield            |    17 |    44 |    63 |    11 ||   135
